 Dungeon Crawl Stone Soup version 0.29.1-1-gd02db6906a (webtiles) character file.

Game seed: 16070174376833263027

76 brightshaft the Chopper (level 4, -1/28 HPs)
             Began as a Gargoyle Fighter on Oct 6, 2022.
             Constricted to death by Sigmund (6 damage)
             ... on level 3 of the Dungeon.
             The game lasted 00:02:45 (1886 turns).

brightshaft the Chopper (Gargoyle Fighter)          Turns: 1886, Time: 00:02:46

Health: -1/28      AC: 12    Str: 22    XL:     4   Next: 32%
Magic:  4/4        EV:  4    Int: 14    God:
Gold:   86         SH:  4    Dex:  9    Spells: 3/3 levels left

rFire   . . .      SeeInvis .   a - +0 war axe
rCold   . . .      Faith    .   c - +0 buckler
rNeg    + . .      Spirit   .   d - +0 chain mail
rPois   ∞          Reflect  .   (no helmet)
rElec   +          Harm     .   (no cloak)
rCorr   .          Rampage  .   (no gloves)
Will    .....                   (no boots)
Stlth   ..........              (no amulet)
HPRegen 0.09/turn               l - +6 ring of intelligence
MPRegen 0.09/turn               (no ring)

@: grasped by roots, constricted
A: sickness immunity, AC +3, negative energy resistance 1, electricity
resistance, torment resistance 1, petrification resistance
a: no special abilities


You were on level 3 of the Dungeon.
You visited 1 branch of the dungeon, and saw 3 of its levels.

You collected 86 gold pieces.

Inventory:

Hand Weapons
 a - a +0 war axe (weapon)
Missiles
 h - 5 poisoned darts (quivered)
Armour
 b - a +0 scale mail
 c - a +0 buckler (worn)
 d - a +0 chain mail (worn)
Jewellery
 l - a +6 ring of intelligence (left hand)
Scrolls
 k - 2 scrolls of vulnerability {unknown}
 m - 4 scrolls of identify {unknown}
 n - a scroll of teleportation {unknown}
 o - a scroll of blinking {unknown}
 p - a scroll of enchant weapon {unknown}
Potions
 e - a potion of ambrosia {unknown}
 f - a potion of degeneration {unknown}
 g - 2 potions of curing {unknown}
 i - a potion of lignification {unknown}
 j - a potion of berserk rage {unknown}


   Skills:
 - Level 3.2 Fighting
 * Level 4.0 Axes
 - Level 3.2 Armour
 - Level 3.2 Shields


You had 3 spell levels left.
You didn't know any spells.
Your spell library contained the following spells:

 Spells                   Type           Power      Damage    Failure   Level
 Apportation              Tloc           0%         N/A       97%         1
 Necrotise                Necr           0%         1d4       97%         1
 Summon Small Mammal      Summ           0%         N/A       97%         1


Dungeon Overview and Level Annotations

Branches:
Dungeon (3/15)

Altars:

Annotations:
D:2 1 runed translucent door, Crazy Yiuf
D:3 Sigmund


Innate Abilities, Weirdness & Mutations

You are immune to sickness and miasma.
Your stone body is resilient. (AC +3)
You are immune to poison.
You resist negative energy. (rN+)
You are resistant to electric shocks. (rElec)
You are resistant to unholy torment.
You are immune to petrification.


Message History

No target in view!
Found a stone staircase leading down.
There is a stone staircase leading down here.
Sigmund the Dreaded comes into view.
He is wielding a +0 scythe and carrying a wand of roots (7).
Sigmund points at you and mumbles some strange words.
The magic dart hits you but does no damage.
You throw a poisoned dart.
The poisoned dart closely misses Sigmund.
You throw a poisoned dart. The poisoned dart hits Sigmund.
Sigmund is poisoned.
You throw a poisoned dart. The poisoned dart hits Sigmund.
Sigmund looks even sicker.
Sigmund zaps a wand.
The roots erupt in riotous growth!
The grasping roots grab you! The grasping roots constrict you.
You hear a shout!
You throw a poisoned dart.
The poisoned dart closely misses Sigmund.
The grasping roots constrict you!
You throw a poisoned dart.
The poisoned dart closely misses Sigmund.
Sigmund casts a spell.
Sigmund flickers and vanishes!
Deactivating autopickup; reactivate with Ctrl-A.
You are constricted.
The grasping roots release their grip on you.
You hear a zap.
The roots erupt in riotous growth!
The grasping roots grab you!
You are constricted.
* * * LOW HITPOINT WARNING * * *
There is a stone staircase leading down here.
You escape the roots grasp.
Something hits you.
* * * LOW HITPOINT WARNING * * *
You barely miss something. Something hits you but does no damage.
You miss something.
You hear a zap.
The roots erupt in riotous growth!
The grasping roots grab you!
You are constricted.
You die...

#+# #.# #.# #.# #.#
#######.###########
......(.(({@>.....#
#######(####.####.#
........## #.#
.####....# #.#
#....# #.#
#....###.#
#........#
####.##### ###....#


There were no monsters in sight!

Vanquished Creatures
  Terence (D:2)
  An adder (D:2)
  2 dart slugs (D:1)
  3 ball pythons (D:1)
  5 endoplasms (D:1)
  4 giant cockroaches
  3 goblins (D:1)
  3 hobgoblins (D:1)
  3 kobolds
  4 bats
  3 frilled lizards
  6 rats
38 creatures vanquished.

Notes
Turn   | Place    | Note
-------+----------+-------------------------------------------
     0 | D:1      | brightshaft the Gargoyle Fighter began the quest for the
                  | Orb.
     0 | D:1      | Reached XP level 1. HP: 14/14 MP: 1/1
    29 | D:1      | Reached skill level 2 in Axes
   180 | D:1      | Reached XP level 2. HP: 19/19 MP: 2/2
   787 | D:1      | Reached skill level 3 in Axes
   876 | D:1      | Reached XP level 3. HP: 22/23 MP: 3/3
  1245 | D:2      | Noticed Terence
  1255 | D:2      | Killed Terence
  1258 | D:2      | Reached XP level 4. HP: 19/28 MP: 4/4
  1362 | D:2      | Reached skill level 4 in Axes
  1743 | D:2      | Found a runed translucent door.
  1744 | D:2      | Noticed Crazy Yiuf
  1876 | D:3      | Noticed Sigmund
  1886 | D:3      | Constricted to death by Sigmund

Illustrated notes

Levels and vault maps discovered:
D:1:      evilmike_arrival_crescent, layout_basic, minmay_pentomino_v4
D:2:      layout_rooms, uniq_terence, uniq_crazy_yiuf_cottage
D:3:      layout_basic, grunt_gozag_statues, general_overflow_altar,
          uniq_sigmund

Skill      XL: |  1  2  3  4 |
---------------+-------------+-----
Axes           | 2 3 4 |  4.0
Fighting       | |  3.2
Armour         | |  3.2
Shields        | |  3.2

Action                   |  1- 3 |  4- 6 || total
-------------------------+-------+-------++-------
Melee: War axe           |    70 |    21 ||    91
Throw: Dart              |       |     5 ||     5
  Use: Potion            |     1 |       ||     1
Armor: Scale mail        |    35 |       ||    35
       Chain mail        |       |    14 ||    14
Dodge: Dodged            |    37 |     7 ||    44
Block: Buckler           |    10 |     4 ||    14
